[Event "Titled Tuesday Blitz May 03 Early 2022"]
[White "Mohammadian, Mohammad"]
[Black "De Souza, Cristiano Gomes"]
[WhiteFideId "12566055"]
[BlackFideId "2151758"]
[WhiteElo "1544"]
[BlackElo "2068"]
[Result "1/2-1/2"]
[Round "07"]
[TimeControl "180+1"]
[Date "2022.05.03"]
[WhiteClock "0:01:26"]
[BlackClock "0:01:59"]

1. e4 c5 2. Nf3 d6 3. d4 cxd4 4. Nxd4 Nf6 5. Nc3 a6 6. Be2 e5 7. Nb3 Be7 8. Be3 Nc6 9. O-O O-O 10. f4 exf4 11. Bxf4 Ne5 12. Bxe5 dxe5 13. Qxd8 Rxd8 14. Bd3 Be6 15. Rf3 b5 16. a3 Bxb3 17. cxb3 Bc5+ 18. Kf1 Rd7 19. Ke2 Rad8 20. Rd1 Nh5 21. g3 Bd4 22. b4 Nf6 23. Rdf1 h6 24. Nd5 Nxd5 25. exd5 Bxb2 26. Be4 Bd4 27. Rc1 Rd6 28. Rc6 Rxc6 29. dxc6 Rc8 30. h3 Rc7 31. g4 Kf8 32. Bd5 f6 33. Be4 Ke7 34. Kd3 Kd6 35. h4 Rf7 36. h5 Rf8 37. Rf1 Rc8 38. Rc1 Rc7 39. Rc2 Rc8 40. Ke2 Rc7 41. Kf3 Rc8 42. Ke2 Rc7 43. Kd3 Rc8 44. Ke2 1/2-1/2


[Site "https://www.chess.com"]

[Event "Titled Tuesday Blitz May 03 Early 2022"]
[White "Molina, Roberto Junio Brito"]
[Black "Saksham, Rautela"]
[WhiteFideId "2109450"]
[BlackFideId "35046977"]
[WhiteElo "2432"]
[BlackElo "1990"]
[Result "1-0"]
[Round "07"]
[TimeControl "180+1"]
[Date "2022.05.03"]
[WhiteClock "0:02:38"]
[BlackClock "0:02:30"]

1. d4 Nf6 2. c4 e6 3. Nf3 c5 4. d5 exd5 5. cxd5 d6 6. Nc3 g6 7. e4 Bg7 8. h3 O-O 9. Bd3 Re8 10. O-O Nbd7 11. Bf4 c4 12. Bc2 Nc5 13. Re1 b5 14. a3 a6 15. Qd2 Qb6 16. Rad1 Bd7 17. Be3 Qc7 18. Bd4 Rab8 19. Qf4 a5 20. Bxf6 1-0


[Site "https://www.chess.com"]

[Event "Titled Tuesday Blitz May 03 Early 2022"]
[White "Murthy, Pappu"]
[Black "Redor, Menandro"]
[WhiteFideId "2013401"]
[BlackFideId "5222010"]
[WhiteElo "2042"]
[BlackElo "1986"]
[Result "0-1"]
[Round "07"]
[TimeControl "180+1"]
[Date "2022.05.03"]
[WhiteClock "0:00:33"]
[BlackClock "0:00:20"]

1. c4 c6 2. Nc3 d5 3. cxd5 cxd5 4. d4 Nc6 5. Bf4 Nf6 6. Nf3 e6 7. e3 Bd6 8. Bxd6 Qxd6 9. Bd3 O-O 10. Rc1 Bd7 11. O-O a6 12. Bb1 Rac8 13. a3 b5 14. b4 Rc7 15. Ne1 Rfc8 16. Nd3 Nxb4 17. axb4 Rxc3 18. Rxc3 Rxc3 19. Nc5 g6 20. Qd2 Rc4 21. f3 Bc6 22. Bd3 Kg7 23. Bxc4 dxc4 24. e4 e5 25. d5 Bd7 26. Ra1 Bc8 27. Qc3 Nd7 28. Nxd7 Bxd7 29. f4 f6 30. fxe5 fxe5 31. Rf1 Bg4 32. h3 Be2 33. Rf2 Bd3 34. Qd2 Bxe4 35. Qe3 Qxd5 36. Qa7+ Kh6 37. Qe7 Bf5 38. g4 Qd1+ 39. Kh2 Qd4 40. Qh4+ Kg7 41. gxf5 Qxh4 42. f6+ Kf7 43. Kg2 Qxf2+ 44. Kxf2 Kxf6 45. Ke3 Kf5 46. Kd2 e4 47. Kc3 e3 48. h4 h5 49. Kc2 Ke4 50. Kc3 Kf3 51. Kd4 e2 52. Kc5 e1=Q 53. Kb6 Qxb4 54. Kxa6 Qc5 55. Kb7 b4 56. Ka6 b3 57. Kb7 b2 58. Ka8 Qb4 59. Ka7 b1=Q 0-1


[Site "https://www.chess.com"]

[Event "Titled Tuesday Blitz May 03 Early 2022"]
[White "Nakamura, Hikaru"]
[Black "Moiseenko, Alexander"]
[WhiteFideId "2016192"]
[BlackFideId "14102560"]
[WhiteElo "2850"]
[BlackElo "2577"]
[Result "1/2-1/2"]
[Round "07"]
[TimeControl "180+1"]
[Date "2022.05.03"]
[WhiteClock "0:01:03"]
[BlackClock "0:00:07"]

1. Nf3 c5 2. b3 d5 3. e3 g6 4. Bb2 Nf6 5. Bxf6 exf6 6. c3 Nc6 7. d4 f5 8. g3 cxd4 9. Nxd4 Bg7 10. Ne2 O-O 11. Bg2 Be6 12. O-O Rc8 13. Qd2 Qa5 14. b4 Qa4 15. Nd4 Ne5 16. Qd1 Qxd1 17. Rxd1 a6 18. a4 Rc7 19. Ne2 Nc4 20. Nf4 Rd8 21. Ra2 g5 22. Nxe6 fxe6 23. a5 Kf7 24. Bf1 Nd6 25. Ra3 Rdc8 26. Rc1 Ne4 27. b5 axb5 28. Bxb5 Nxc3 29. Nxc3 Bxc3 30. Rb1 Be5 31. Bf1 Kf6 32. Rab3 Ra8 33. Rb5 g4 34. h3 h5 35. h4 Bc3 36. Rc1 Be5 37. Rcb1 Ra7 38. Be2 Rc2 39. Kf1 Ra2 40. Rxb7 Rxb7 41. Rxb7 Rxa5 42. Rh7 Kg6 43. Re7 Kf6 44. Rb7 Ra1+ 45. Kg2 Ra2 46. Kf1 d4 47. exd4 Bxd4 48. Rh7 Ra1+ 49. Kg2 Ra2 50. Kf1 Kg6 51. Re7 e5 52. Re6+ Kg7 53. Rd6 Rb2 54. Rd7+ Kf6 55. Rd8 Ke7 56. Rd5 Kf6 57. Rd6+ Ke7 58. Rd5 Ke6 59. Rd8 Ke7 60. Rd5 1/2-1/2


[Site "https://www.chess.com"]

[Event "Titled Tuesday Blitz May 03 Early 2022"]
[White "Nayak, Rajesh"]
[Black "Hart, Braeden"]
[WhiteFideId "35017152"]
[BlackFideId "30962587"]
[WhiteElo "1998"]
[BlackElo "2510"]
[Result "0-1"]
[Round "07"]
[TimeControl "180+1"]
[Date "2022.05.03"]
[WhiteClock "0:00:33"]
[BlackClock "0:02:09"]

1. e4 e5 2. Nf3 d5 3. d4 dxe4 4. Nxe5 Bd6 5. Bb5+ c6 6. Bc4 Bxe5 7. dxe5 Qa5+ 8. Bd2 Qxe5 9. Bc3 Qg5 10. O-O Bh3 11. g3 Bxf1 12. Bxf1 Nf6 13. h4 Qf5 14. Kh2 Qxf2+ 15. Bg2 Nbd7 16. Nd2 e3 17. Nf3 Ng4+ 18. Kh3 e2 19. Qd6 Ne3 20. Bh1 Qf1+ 21. Rxf1 exf1=Q+ 22. Kh2 Ng4# 0-1


[Site "https://www.chess.com"]

[Event "Titled Tuesday Blitz May 03 Early 2022"]
[White "Omariev, Maksim"]
[Black "Csonka, Balazs"]
[WhiteFideId "4193423"]
[BlackFideId "742910"]
[WhiteElo "2511"]
[BlackElo "2404"]
[Result "0-1"]
[Round "07"]
[TimeControl "180+1"]
[Date "2022.05.03"]
[WhiteClock "0:00:03"]
[BlackClock "0:00:04"]

1. e4 c6 2. d4 d5 3. exd5 cxd5 4. h3 Nc6 5. Nf3 Bf5 6. c3 Nf6 7. Bf4 e6 8. Nbd2 Bd6 9. Bxd6 Qxd6 10. Be2 h6 11. O-O O-O 12. Re1 Rab8 13. a4 Rfc8 14. Bf1 Ne4 15. Nxe4 Bxe4 16. Nd2 Bg6 17. a5 Re8 18. Nb3 Qc7 19. Bb5 a6 20. Bxc6 Qxc6 21. Nc5 e5 22. b4 e4 23. Qg4 Qd6 24. Qd7 Qxd7 25. Nxd7 Rbc8 26. Nc5 Rc7 27. f3 e3 28. Ra2 f5 29. g3 Bh5 30. Kg2 g5 31. g4 Bg6 32. gxf5 Bxf5 33. Rae2 Rce7 34. Kg3 Kh7 35. f4 Bg6 36. fxg5 hxg5 37. h4 Bh5 38. Rh2 Rg8 39. Nd3 Re4 40. Ne5 gxh4+ 41. Kh3 Rg3# 0-1


[Site "https://www.chess.com"]

[Event "Titled Tuesday Blitz May 03 Early 2022"]
[White "Oparin, Grigoriy"]
[Black "Oganian, Miran"]
[WhiteFideId "24125890"]
[BlackFideId "4122488"]
[WhiteElo "2665"]
[BlackElo "2357"]
[Result "1-0"]
[Round "07"]
[TimeControl "180+1"]
[Date "2022.05.03"]
[WhiteClock "0:02:30"]
[BlackClock "0:01:22"]

1. d4 d5 2. c4 e6 3. Nf3 a6 4. e3 Nf6 5. b3 Bb4+ 6. Nbd2 Ne4 7. a3 Bxd2+ 8. Nxd2 Nf6 9. Bd3 b6 10. O-O Bb7 11. Bb2 Nbd7 12. Qe2 O-O 13. Rad1 Qe7 14. Rfe1 Rfd8 15. Bb1 Rac8 16. b4 c5 17. dxc5 bxc5 18. cxd5 exd5 19. bxc5 Nxc5 20. Bf5 Rb8 21. Rc1 a5 22. Bxf6 gxf6 23. Qh5 Qd6 24. Qh6 1-0


[Site "https://www.chess.com"]

[Event "Titled Tuesday Blitz May 03 Early 2022"]
[White "Ozturk, Efe Hakan"]
[Black "Popadic, Dragan"]
[WhiteFideId "34550216"]
[BlackFideId "913650"]
[WhiteElo "1924"]
[BlackElo "2203"]
[Result "0-1"]
[Round "07"]
[TimeControl "180+1"]
[Date "2022.05.03"]
[WhiteClock "0:00:03"]
[BlackClock "0:00:56"]

1. Nf3 Nf6 2. c4 g6 3. g3 Bg7 4. Bg2 O-O 5. O-O d6 6. d4 Nbd7 7. Nc3 e5 8. e4 exd4 9. Nxd4 Re8 10. b3 a6 11. Re1 Rb8 12. Bb2 Ne5 13. h3 c5 14. Nc2 b5 15. cxb5 axb5 16. f4 Ned7 17. Qxd6 b4 18. Na4 Qa5 19. Rad1 c4 20. Bxf6 Bxf6 21. e5 Be7 22. Qd5 Qxd5 23. Bxd5 cxb3 24. axb3 Nf8 25. Kg2 Rd8 26. Ne3 Ne6 27. Bc4 Bb7+ 28. Kh2 Nd4 29. Bd5 Rxd5 30. Nxd5 Nf3+ 31. Kg2 Nxe1+ 32. Kf2 Bxd5 33. Rxd5 Nc2 34. Rd7 Bf8 35. Rd2 Na3 0-1


[Site "https://www.chess.com"]

[Event "Titled Tuesday Blitz May 03 Early 2022"]
[White "Paravyan, David"]
[Black "Halvax, Georg"]
[WhiteFideId "4194985"]
[BlackFideId "1619543"]
[WhiteElo "2879"]
[BlackElo "2618"]
[Result "1-0"]
[Round "07"]
[TimeControl "180+1"]
[Date "2022.05.03"]
[WhiteClock "0:00:06"]
[BlackClock "0:00:01"]

1. e4 c5 2. Nf3 Nc6 3. d4 cxd4 4. Nxd4 Nf6 5. Nc3 e5 6. Ndb5 d6 7. Bg5 a6 8. Na3 b5 9. Nd5 Qa5+ 10. Bd2 Qd8 11. Bg5 Qa5+ 12. Bd2 Qd8 13. Bd3 Nxd5 14. exd5 Ne7 15. c4 g6 16. cxb5 Bg7 17. O-O O-O 18. bxa6 Bxa6 19. Bxa6 Rxa6 20. Nb5 Nxd5 21. a4 Nc7 22. Bb4 Nxb5 23. axb5 Rxa1 24. Qxa1 Qb6 25. Qa6 Rb8 26. Rc1 Bf8 27. Rc6 Qxb5 28. Qxb5 Rxb5 29. Bxd6 Rxb2 30. h4 Bxd6 31. Rxd6 Kg7 32. g3 h6 33. Kg2 Rb4 34. f3 Rd4 35. Ra6 Rd2+ 36. Kg1 h5 37. Rb6 Kf8 38. Ra6 Ke7 39. Rb6 Rd6 40. Rb7+ Ke6 41. Kf2 Rd3 42. Ke2 Ra3 43. Kf2 f6 44. Rc7 Kf5 45. Rc6 g5 46. hxg5 Kxg5 47. Rc8 Ra2+ 48. Ke3 Rg2 49. Rg8+ Kf5 50. Rh8 Rxg3 51. Rxh5+ Ke6 52. Rh6 Rg1 53. Rh8 Ra1 54. Kf2 Kf5 55. Rb8 Ra3 56. Rb4 Kg5 57. Rg4+ Kh5 58. Re4 Kg5 59. Rg4+ Kf5 60. Rb4 Rd3 61. Ra4 Rd4 62. Ra6 Kg5 63. Kg3 f5 64. Ra8 f4+ 65. Kf2 Rd2+ 66. Ke1 Rb2 67. Rg8+ Kh4 68. Kf1 Kh3 69. Rg5 Kh2 70. Rg8 Kh3 71. Rg5 Rb5 72. Kf2 Rb2+ 73. Kg1 Ra2 74. Kf1 Kh4 75. Rg8 Ra6 76. Kg2 Kh5 77. Re8 Kh4 78. Rh8+ Kg5 79. Rg8+ Kf5 80. Rf8+ Ke6 81. Rb8 Kd5 82. Rd8+ Kc4 83. Rd7 Kc5 84. Rd8 Rd6 85. Ra8 Kd4 86. Ra4+ Kd3 87. Kf2 Rc6 88. Re4 Rc2+ 89. Kf1 Rc5 90. Kg2 Ra5 91. Kh3 Ra2 92. Rxe5 Re2 93. Ra5 Ke3 94. Ra3+ Kd4 95. Ra5 Re8 96. Kg4 Rf8 97. Rf5 Rg8+ 98. Kxf4 Rh8 99. Ra5 Rf8+ 100. Kg4 Rg8+ 101. Rg5 Rf8 102. f4 Ke4 103. Re5+ Kd4 104. Ra5 Ke4 105. Re5+ Kd4 106. Re1 Rg8+ 107. Kh5 Rf8 108. Kg4 Rg8+ 109. Kf3 Kd5 110. f5 Kd6 111. Kf4 Kd7 112. f6 Re8 113. Re5 Rd8 114. Kf5 Rg8 115. Re7+ Kd8 116. Ke6 Rg1 117. Kf7 Rf1 118. Re4 Kd7 119. Kg7 Rg1+ 120. Kf8 Rf1 121. f7 1-0


[Site "https://www.chess.com"]

[Event "Titled Tuesday Blitz May 03 Early 2022"]
[White "Pasti, Aron"]
[Black "Lopez, Henry"]
[WhiteFideId "785857"]
[BlackFideId "5203830"]
[WhiteElo "2133"]
[BlackElo "2177"]
[Result "1-0"]
[Round "07"]
[TimeControl "180+1"]
[Date "2022.05.03"]
[WhiteClock "0:01:05"]
[BlackClock "0:00:02"]

1. e4 c5 2. Nf3 d6 3. d4 cxd4 4. Nxd4 Nf6 5. Nc3 a6 6. Bg5 e6 7. f4 Be7 8. Qf3 Qc7 9. O-O-O Nbd7 10. g4 b5 11. Bxf6 Nxf6 12. g5 Nd7 13. f5 Bxg5+ 14. Kb1 Ne5 15. Qh5 Qd8 16. Nxe6 Bxe6 17. fxe6 O-O 18. Rg1 h6 19. h4 g6 20. Qe2 Bxh4 21. Bh3 fxe6 22. Bxe6+ Kg7 23. Nd5 Bg5 24. Bh3 Ra7 25. Qe1 Raf7 26. Qb4 Kh7 27. Be6 Rf3 28. Nc3 Qf6 29. Bb3 Be3 30. Nd5 Qg7 31. Nxe3 Rxe3 32. Qxd6 Rxe4 33. Qxa6 Nc4 34. Bxc4 bxc4 35. a4 c3 36. Qc6 Re7 37. b3 Rf6 38. Qxc3 Qf7 39. Kb2 Rc7 40. Qd3 Rf3 41. Qd5 Qf6+ 42. Qd4 Qf7 43. Rd2 h5 44. Qe4 Qf6+ 45. Kb1 1-0


[Site "https://www.chess.com"]

[Event "Titled Tuesday Blitz May 03 Early 2022"]
[White "Perez Gormaz, Matias"]
[Black "Bendayan Claros, Aaron"]
[WhiteFideId "3406342"]
[BlackFideId "3803392"]
[WhiteElo "2322"]
[BlackElo "2132"]
[Result "0-1"]
[Round "07"]
[TimeControl "180+1"]
[Date "2022.05.03"]
[WhiteClock "0:00:01"]
[BlackClock "0:00:07"]

1. e4 c6 2. Nf3 d5 3. Nc3 dxe4 4. Nxe4 Nf6 5. Qe2 Bg4 6. Nxf6+ gxf6 7. h3 Bxf3 8. Qxf3 Qd5 9. Be2 Qxf3 10. Bxf3 Nd7 11. d4 e6 12. c3 f5 13. g4 fxg4 14. hxg4 O-O-O 15. Bf4 e5 16. Be3 Bg7 17. O-O-O exd4 18. Bxd4 Bxd4 19. Rxd4 Ne5 20. Rxd8+ Kxd8 21. Be2 Ke7 22. Kd2 Kf6 23. f4 Ng6 24. Rf1 h6 25. Bd3 Ne7 26. Ke3 Re8 27. Kf3 Nd5 28. Be4 Nb6 29. Rh1 Kg7 30. b3 a5 31. g5 hxg5 32. fxg5 Nd7 33. Kf4 Nc5 34. Bf5 Re2 35. Rh7+ Kg8 36. g6 Rf2+ 37. Kg5 fxg6 38. Bxg6 Ne6+ 39. Kg4 Rg2+ 40. Kf5 Rxg6 41. Rxb7 Rh6 0-1


[Site "https://www.chess.com"]

[Event "Titled Tuesday Blitz May 03 Early 2022"]
[White "Perez Molina, Robinson"]
[Black "Winkels, Marcel"]
[WhiteFideId "3403882"]
[BlackFideId "1003887"]
[WhiteElo "2252"]
[BlackElo "1900"]
[Result "1-0"]
[Round "07"]
[TimeControl "180+1"]
[Date "2022.05.03"]
[WhiteClock "0:00:33"]
[BlackClock "0:00:11"]

1. Nf3 Nf6 2. c4 c5 3. Nc3 b6 4. g3 Bb7 5. Bg2 g6 6. O-O Bg7 7. Re1 O-O 8. e4 d6 9. d4 cxd4 10. Nxd4 Qc8 11. Be3 Nbd7 12. f4 a6 13. h3 Nc5 14. Bf2 e5 15. Nc2 Re8 16. fxe5 dxe5 17. Nd5 Nxd5 18. cxd5 Qd7 19. Ne3 f5 20. exf5 gxf5 21. Nc4 Qd8 22. Rc1 e4 23. Nxb6 Nd3 24. Nxa8 Nxe1 25. Bxe1 Qxa8 26. d6 Bd5 27. Ba5 Bf6 28. Kh2 Rf8 29. d7 Bd8 30. Rc8 Qa7 31. Rxd8 Rxd8 32. Bxd8 Qxd7 33. Ba5 Qb5 34. Bc3 Kf7 35. Qh5+ Ke6 36. Qh6+ Kd7 37. Qxh7+ Kc6 38. Qxf5 Qe2 39. h4 Kb6 40. h5 Bc6 41. Bd4+ Kb7 42. Qf7+ Kc8 43. Be5 1-0


[Site "https://www.chess.com"]

[Event "Titled Tuesday Blitz May 03 Early 2022"]
[White "Peterson, Eric"]
[Black "Avazkhonov, Alikhon"]
[WhiteFideId "14908395"]
[BlackFideId "14208504"]
[WhiteElo "2195"]
[BlackElo "1739"]
[Result "0-1"]
[Round "07"]
[TimeControl "180+1"]
[Date "2022.05.03"]
[WhiteClock "0:00:54"]
[BlackClock "0:00:08"]

1. e4 c6 2. d4 d5 3. exd5 cxd5 4. c4 Nf6 5. Nc3 g6 6. Qb3 Bg7 7. cxd5 O-O 8. Be2 b6 9. Bf3 Bb7 10. Nge2 Na6 11. Bg5 h6 12. Bxf6 Bxf6 13. O-O Qd7 14. Ng3 Nc7 15. Rad1 Rab8 16. Rfe1 Rfd8 17. Nge4 Nxd5 18. Nxd5 Bxd5 19. Nxf6+ exf6 20. Bxd5 Qxd5 21. Qxd5 Rxd5 22. Re7 a5 23. g3 Rc8 24. Rb7 b5 25. Rd2 b4 26. Ra7 Rc1+ 27. Kg2 Kg7 28. h4 h5 29. Kf3 Rf1 30. Ke4 Rb5 31. d5 Re1+ 32. Kf3 Re8 33. d6 Rd8 34. d7 g5 35. Rd4 Kg6 36. b3 Kf5 37. Ra6 g4+ 38. Ke3 Re5+ 39. Kd3 Kg6 40. Kc4 Rf5 41. Rd2 Kg7 42. Rad6 Kf8 43. Ra6 Ke7 44. Ra7 Ke6 45. Ra6+ Ke7 46. Ra7 Re5 47. Rc7 Ke6 48. Rc6+ Ke7 49. Rc7 Ke6 50. Ra7 Ke7 51. Rd3 Re2 52. Re3+ Rxe3 53. fxe3 Rxd7 54. Rxd7+ Kxd7 55. Kb5 Kd6 56. Kxa5 Kc5 57. Ka4 f5 58. a3 bxa3 59. Kxa3 Kd5 60. Ka4 Ke4 61. b4 Kxe3 62. b5 f4 63. gxf4 g3 64. b6 g2 65. b7 g1=Q 66. b8=Q Qa1+ 67. Kb5 Qb1+ 68. Kc6 Qxb8 69. Kd7 Qxf4 0-1


[Site "https://www.chess.com"]

[Event "Titled Tuesday Blitz May 03 Early 2022"]
[White "Petre, Nad-Titus"]
[Black "Mikhnenko, Alexander"]
[WhiteFideId "1204165"]
[BlackFideId "34143014"]
[WhiteElo "2354"]
[BlackElo "2117"]
[Result "1-0"]
[Round "07"]
[TimeControl "180+1"]
[Date "2022.05.03"]
[WhiteClock "0:01:19"]
[BlackClock "0:02:05"]

1. e4 d5 2. exd5 Nf6 3. Nc3 Nxd5 4. d3 Nxc3 5. bxc3 b6 6. Qf3 c6 7. Be2 Bb7 8. Nh3 Qd7 9. Ng5 e6 10. O-O c5 11. Qh5 h6 12. Bg4 g6 13. Qh3 Bg7 14. Nxe6 fxe6 15. Bxe6 Qc6 16. Re1 Kd8 17. Qh4+ g5 18. Bxg5+ hxg5 19. Qxg5+ Kc7 20. Qxg7+ Kd6 21. Qe5+ Ke7 22. Bd5+ 1-0


[Site "https://www.chess.com"]

[Event "Titled Tuesday Blitz May 03 Early 2022"]
[White "Pham, Tran Gia Phuc"]
[Black "Sirosh, Ilja"]
[WhiteFideId "12415669"]
[BlackFideId "4500458"]
[WhiteElo "1789"]
[BlackElo "2241"]
[Result "1-0"]
[Round "07"]
[TimeControl "180+1"]
[Date "2022.05.03"]
[WhiteClock "0:01:41"]
[BlackClock "0:00:48"]

1. e4 c5 2. Nc3 d6 3. d4 cxd4 4. Qxd4 Nc6 5. Qd2 Nf6 6. b3 e6 7. Bb2 a6 8. f4 b5 9. Bd3 Be7 10. Nf3 Bb7 11. O-O-O Qc7 12. g4 O-O 13. g5 Nd7 14. h4 Nc5 15. Kb1 b4 16. Ne2 a5 17. f5 e5 18. f6 Bd8 19. fxg7 Re8 20. Ng3 a4 21. Bc4 Na5 22. Bd5 a3 23. Ba1 Ne6 24. Nf5 Ra6 25. Qxb4 Rb6 26. Qa4 Bxd5 27. Qxe8+ 1-0


[Site "https://www.chess.com"]

[Event "Titled Tuesday Blitz May 03 Early 2022"]
[White "Piliczewski, Bogusz"]
[Black "Weishaeutel, Moritz"]
[WhiteFideId "1104144"]
[BlackFideId "12967300"]
[WhiteElo "1896"]
[BlackElo "2002"]
[Result "0-1"]
[Round "07"]
[TimeControl "180+1"]
[Date "2022.05.03"]
[WhiteClock "0:00:02"]
[BlackClock "0:00:27"]

1. d4 d5 2. Nf3 Nf6 3. c4 e6 4. Bg5 Be7 5. Nc3 O-O 6. Rc1 dxc4 7. e3 a6 8. a4 b6 9. Bxc4 Bb7 10. O-O Nbd7 11. Qe2 c5 12. Rfd1 Qc7 13. Bf4 Qc6 14. d5 exd5 15. Nxd5 Nxd5 16. Bxd5 Qc8 17. Bxb7 Qxb7 18. Bd6 Bxd6 19. Rxd6 Nf6 20. Rcd1 Qc7 21. Qd3 Rfe8 22. Ng5 h6 23. Nh3 Re7 24. f3 Rae8 25. e4 c4 26. Qd4 b5 27. Rxa6 Rd7 28. Rd6 Red8 29. e5 Rxd6 30. exd6 Qc6 31. axb5 Qxb5 32. Nf4 Ne8 33. d7 Nf6 34. Nd5 Nxd7 35. Ne3 Re8 36. Qxd7 Qxd7 37. Rxd7 Rxe3 38. Kf2 Rb3 39. Rd2 Kf8 40. Rc2 Rb4 41. Ke3 Ke7 42. Kd4 Kd6 43. Kc3 Ra4 44. Rd2+ Kc6 45. Rd4 Ra1 46. Rxc4+ Kd6 47. Rd4+ Ke5 48. Rd2 Rc1+ 49. Kb4 Rh1 50. h3 Kf4 51. Kc5 Kg3 52. b4 Rc1+ 0-1


[Site "https://www.chess.com"]

[Event "Titled Tuesday Blitz May 03 Early 2022"]
[White "Pinero Rodriguez, Carlos Jose"]
[Black "Sanchez, Robert"]
[WhiteFideId "3901726"]
[BlackFideId "2034360"]
[WhiteElo "2053"]
[BlackElo "2442"]
[Result "0-1"]
[Round "07"]
[TimeControl "180+1"]
[Date "2022.05.03"]
[WhiteClock "0:00:01"]
[BlackClock "0:00:18"]

1. b3 d6 2. Bb2 e5 3. e3 Nf6 4. c4 Nc6 5. a3 Be7 6. Qc2 O-O 7. Nc3 d5 8. cxd5 Nxd5 9. Bc4 Nb6 10. Nf3 Nxc4 11. bxc4 Be6 12. Ne4 f5 13. Ng3 Bf6 14. Nh5 Qe7 15. Nxf6+ Qxf6 16. O-O Rae8 17. d4 e4 18. d5 Qh6 19. Nd2 f4 20. dxc6 f3 21. Qxe4 Bc8 22. Qd5+ Be6 23. Qe4 Bc8 24. cxb7 Rxe4 25. b8=Q fxg2 26. Nxe4 gxf1=Q+ 27. Rxf1 Bh3 28. Qxc7 Bxf1 29. Kxf1 Qg6 30. Qb7 Re8 31. Ng3 h5 32. h4 Rf8 33. Ke2 Qc2+ 34. Ke1 Qxf2+ 35. Kd1 Qg1+ 36. Kc2 Qxg3 37. Kb3 Qxe3+ 38. Ka2 Rf7 39. Qc8+ Kh7 40. Qc6 Qf3 0-1


[Site "https://www.chess.com"]

[Event "Titled Tuesday Blitz May 03 Early 2022"]
[White "Plotnikov, Pavel"]
[Black "Vokhidov, Shamsiddin"]
[WhiteFideId "4170342"]
[BlackFideId "14204223"]
[WhiteElo "2298"]
[BlackElo "2611"]
[Result "0-1"]
[Round "07"]
[TimeControl "180+1"]
[Date "2022.05.03"]
[WhiteClock "0:00:08"]
[BlackClock "0:01:09"]

1. e4 c5 2. Nf3 d6 3. d4 cxd4 4. Nxd4 Nf6 5. Nc3 Nc6 6. Bg5 Bd7 7. Qd2 a6 8. O-O-O e6 9. f3 Nxd4 10. Qxd4 h6 11. Be3 Bc6 12. g4 d5 13. e5 Nd7 14. Qf4 Qc7 15. Bd4 f6 16. Re1 Be7 17. h4 Rf8 18. Bd3 fxe5 19. Bxe5 Nxe5 20. Qxe5 Qxe5 21. Rxe5 Kd7 22. g5 Bd6 23. Re2 Rxf3 24. gxh6 Bf4+ 25. Kd1 Bxh6 26. Rhe1 Rf6 27. b4 Kd6 28. a4 Rc8 29. b5 Bd7 30. Na2 axb5 31. axb5 Ra8 32. Nc1 Ra1 33. Re3 d4 34. Rxe6+ Bxe6 35. Rxe6+ Rxe6 36. Bg6 Rxc1# 0-1


[Site "https://www.chess.com"]

[Event "Titled Tuesday Blitz May 03 Early 2022"]
[White "Preotu, Razvan"]
[Black "Bellissimo, Joseph F."]
[WhiteFideId "2613280"]
[BlackFideId "2609843"]
[WhiteElo "2407"]
[BlackElo "2061"]
[Result "1-0"]
[Round "07"]
[TimeControl "180+1"]
[Date "2022.05.03"]
[WhiteClock "0:00:07"]
[BlackClock "0:00:10"]

1. e4 e6 2. d4 d5 3. Nc3 Nf6 4. e5 Nfd7 5. f4 c5 6. Nf3 Nc6 7. Be3 a6 8. Qd2 b5 9. Be2 Qb6 10. Nd1 Bb7 11. c3 f6 12. O-O O-O-O 13. Kh1 Re8 14. a4 h6 15. axb5 axb5 16. Nf2 g5 17. exf6 Nxf6 18. dxc5 Bxc5 19. Bxc5 Qxc5 20. b4 Qb6 21. Ne5 gxf4 22. Nf7 Rhg8 23. Nd6+ Kd7 24. Nxe8 Nxe8 25. Qxf4 Nd6 26. Nd3 d4 27. Nc5+ Kc7 28. Nxe6+ Kd7 29. Nc5+ Kc7 30. Bf3 Rg7 31. Ne6+ Kb8 32. Qxd6+ Rc7 33. Bxc6 Qxc6 34. Rf8+ Bc8 35. Rxc8+ Kxc8 36. Qd8+ Kb7 37. Qa8+ Kb6 38. Qa6# 1-0


[Site "https://www.chess.com"]

[Event "Titled Tuesday Blitz May 03 Early 2022"]
[White "Priyanka, K"]
[Black "Prohorov, Olexandr"]
[WhiteFideId "5082986"]
[BlackFideId "14105578"]
[WhiteElo "1905"]
[BlackElo "1993"]
[Result "0-1"]
[Round "07"]
[TimeControl "180+1"]
[Date "2022.05.03"]
[WhiteClock "0:00:25"]
[BlackClock "0:00:30"]

1. e4 c5 2. Nf3 e6 3. d4 cxd4 4. Nxd4 Qb6 5. Nb3 Nf6 6. Bd3 Nc6 7. Be3 Qc7 8. f4 d5 9. e5 Nd7 10. O-O a6 11. N1d2 g6 12. Rc1 b5 13. c3 Be7 14. Nd4 Bb7 15. N2f3 Nc5 16. Bc2 O-O 17. b4 Ne4 18. Bxe4 dxe4 19. Nd2 Nxd4 20. cxd4 Qd7 21. a3 a5 22. Qb3 axb4 23. axb4 Bd5 24. Qb1 Qb7 25. Rc2 Ra3 26. Kf2 Rc8 27. Rfc1 Rxc2 28. Rxc2 Kg7 29. Qc1 Bxb4 30. Rc7 Qb6 31. Rc8 Ra2 32. Rc2 Qa6 33. Rxa2 Qxa2 34. Ke1 Qc4 35. Qxc4 bxc4 36. Kd1 c3 37. Nb1 Bb3+ 38. Kc1 c2 39. Kb2 cxb1=Q+ 40. Kxb1 Kf8 41. Kb2 Bc4 0-1


[Site "https://www.chess.com"]

[Event "Titled Tuesday Blitz May 03 Early 2022"]
[White "Quirke, Jeffrey"]
[Black "Petrova, Irina"]
[WhiteFideId "2013029"]
[BlackFideId "14124122"]
[WhiteElo "2083"]
[BlackElo "1993"]
[Result "0-1"]
[Round "07"]
[TimeControl "180+1"]
[Date "2022.05.03"]
[WhiteClock "0:00:14"]
[BlackClock "0:00:29"]

1. d4 d5 2. c4 c6 3. Nc3 Nf6 4. e3 Bf5 5. cxd5 cxd5 6. Qb3 e6 7. Qxb7 Nbd7 8. Nf3 a5 9. Qb3 Bd6 10. Be2 O-O 11. O-O Ne4 12. Nxe4 Bxe4 13. Nd2 Bg6 14. Bb5 Nf6 15. a4 Rc8 16. Nf3 Bc2 17. Qa2 Be4 18. Bd2 Ng4 19. h3 Bxf3 20. gxf3 Nh2 21. Be2 Qh4 22. Kg2 Nxf1 23. Bxf1 Rc2 24. Be1 Qg3+ 25. Kh1 Qh2# 0-1


[Site "https://www.chess.com"]

[Event "Titled Tuesday Blitz May 03 Early 2022"]
[White "Rasulov, Vugar"]
[Black "Wagh Suyog"]
[WhiteFideId "13402390"]
[BlackFideId "25071688"]
[WhiteElo "2560"]
[BlackElo "2181"]
[Result "1-0"]
[Round "07"]
[TimeControl "180+1"]
[Date "2022.05.03"]
[WhiteClock "0:00:38"]
[BlackClock "0:00:01"]

1. d4 Nf6 2. c4 e6 3. Nf3 d5 4. Nc3 Bb4 5. Bg5 h6 6. Bxf6 Qxf6 7. Qb3 c5 8. cxd5 O-O 9. e3 exd5 10. dxc5 Nc6 11. Bb5 d4 12. Bxc6 dxc3 13. Qxb4 cxb2 14. Rb1 bxc6 15. Qxb2 Qg6 16. O-O Bf5 17. Nh4 Qg5 18. Nxf5 Qxf5 19. Rfc1 Rfd8 20. h3 Rd7 21. Qc2 Qh5 22. Rd1 Rd5 23. Rxd5 Qxd5 24. Rd1 Qe6 25. Rd6 Qe8 26. Qa4 Rb8 27. Qxc6 Rb1+ 28. Kh2 Qe5+ 29. g3 Qf5 30. Rd2 Rc1 31. Qd5 Qxd5 32. Rxd5 Rc2 33. Kg2 Rxa2 34. Kf3 Rc2 35. Ke4 Kf8 36. Kd3 Rc1 37. Kd4 a5 38. Rd8+ Ke7 39. Ra8 Ra1 40. Kd5 a4 41. Ra7+ Ke8 42. c6 a3 43. Ra8+ Ke7 44. c7 Rd1+ 45. Ke4 Rc1 46. c8=Q 1-0


[Site "https://www.chess.com"]

[Event "Titled Tuesday Blitz May 03 Early 2022"]
[White "Reprintsev, Alexander"]
[Black "Ovezdurdyyeva, Jemal"]
[WhiteFideId "14100541"]
[BlackFideId "14001888"]
[WhiteElo "2108"]
[BlackElo "1946"]
[Result "1-0"]
[Round "07"]
[TimeControl "180+1"]
[Date "2022.05.03"]
[WhiteClock "0:00:09"]
[BlackClock "0:00:15"]

1. e4 d6 2. d4 Nf6 3. Nc3 g6 4. h4 h5 5. Nf3 Bg4 6. Be2 c6 7. Ng5 Bxe2 8. Qxe2 e6 9. Bd2 Bg7 10. O-O-O Nbd7 11. f4 Qe7 12. e5 dxe5 13. fxe5 Nd5 14. Nce4 O-O 15. c4 N5b6 16. g4 c5 17. gxh5 cxd4 18. Rhg1 Nxe5 19. c5 Nbc4 20. Bf4 d3 21. Qg2 Nd7 22. Bd6 Nxd6 23. cxd6 Rac8+ 24. Kb1 Qe8 25. Rxd3 Ne5 26. Rg3 Qb5 27. Rb3 Qd5 28. hxg6 fxg6 29. h5 Nd3 30. h6 Bxh6 31. Nh3 Bg7 32. Qxg6 Qd4 33. Rxd3 1-0


[Site "https://www.chess.com"]